 Dungeon Crawl Stone Soup version 0.17-a0-2171-ga91b4ec (console) character file.

1066 Kellhus the Carver (level 8, -1/58 HPs)
             Began as a Mummy Chaos Knight on Oct 25, 2015.
             Slain by an orc warrior
             ... wielding a +0 hand axe
              (3 damage)
             ... on level 6 of the Dungeon.
             The game lasted 00:08:32 (5272 turns).

Kellhus the Carver (Mummy Chaos Knight)             Turns: 5272, Time: 00:08:32

Health: -1/58      AC: 11    Str: 18    XL:     8   Next: 7%
Magic:  8/8        EV:  5    Int: 11    God:    Xom [..*...]
Gold:   241        SH:  0    Dex: 11    Spells: 0 memorised, 7 levels left

rFire  . . .     SeeInvis .     a - +0 falchion (chaos)
rCold  + . .     Clarity  .     d - +0 plate armour
rNeg   + + +     SustAt   .     (no shield)
rPois  ∞         Gourm    .     (no helmet)
rElec  .         Spirit   .     c - +0 cloak
rCorr  .         Warding  .     (no gloves)
rMut   .         Stasis   .     (no boots)
MR     +....                    (no amulet)
Stlth  ..........               q - ring of protection from cold
                                o - ring of fire

@: somewhat resistant to hostile enchantments, extremely unstealthy
A: no food or potions, fire vulnerability, cold resistance 1, negative energy
resistance 3, torment resistance, unbreathing
a: Renounce Religion


You were on level 6 of the Dungeon.
You worshipped Xom.
You were a toy of Xom.
You were not hungry.

You visited 1 branch of the dungeon, and saw 6 of its levels.

You collected 241 gold pieces.

Inventory:

Hand Weapons
 a - a +0 falchion of chaos (weapon)
 b - a +0 blowgun
Missiles
 p - a throwing net (quivered)
Armour
 c - a +0 cloak (worn)
 d - a +0 plate armour (worn)
 l - a +2 leather armour
 t - the +1 ring mail "Roekhoxu" {rN+++ MP-9 Str+4 Stlth-}
   (You found it on level 6 of the Dungeon)

   It affects your strength (+4).
   It renders you almost immune to negative energy.
   It affects your magic capacity (-9).
   It makes you less stealthy.
Magical Staves
 s - an uncursed staff of poison {unknown}
Jewellery
 o - a ring of fire (left hand)
 q - a ring of protection from cold (right hand)
 r - a +3 ring of intelligence
Scrolls
 e - a scroll of fog
 f - a scroll of fear
 g - 4 scrolls of teleportation
 i - 2 scrolls of amnesia
 j - 2 scrolls of remove curse
 k - 3 scrolls of recharging
Books
 n - a book of the Dragon

   Spells                             Type                      Level
   a - Flame Tongue                   Conjuration/Fire             1
   b - Cause Fear                     Hexes                        4
   c - Bolt of Fire                   Conjuration/Fire             6
   d - Dragon Form                    Transmutation                7
   e - Dragon's Call                  Summoning                    9


   Skills:
 - Level 3.0 Fighting
 + Level 8.3 Long Blades
 - Level 1.5 Armour
 - Level 0.7 Dodging


You had 7 spell levels left.
You didn't know any spells.

Dungeon Overview and Level Annotations

Branches:
Dungeon (6/15)
 Temple: D:4-7

Altars:
Cheibriados
Fedhas
Kikubaaqudgha
Nemelex Xobeh
Okawaru
Qazlal
The Shining One

Shops:
D:5 *


Innate Abilities, Weirdness & Mutations

You do not eat or drink.
Your flesh is vulnerable to fire.
You are immune to poison.
Your flesh is cold resistant.
You are immune to negative energy.
You are immune to unholy pain and torment.
You can survive without breathing.


Message History

You hit the orc priest but do no damage.
The orc priest is severely wounded.
The orc priest looks more healthy.
The orc priest hits you with a mace of crushing.
You closely miss the orc priest.
The orc priest is almost dead.
Something hits you!
* * * LOW HITPOINT WARNING * * *
You hit the orc priest but do no damage.
The orc priest is almost dead.
Something hits you.
* * * LOW HITPOINT WARNING * * *
The orc priest hits you but does no damage.
You hit the orc priest. You freeze the orc priest.
You kill the orc priest!
Something hits you.
* * * LOW HITPOINT WARNING * * *
Xom is highly amused!
Something hits you.
You die...

* ,*.. ,,* #......#...#. #
*,*..., * #......#...## ##*
*....,* #####......#...##
.#*,*.....#######..........#...##
.. ,,......)....'..........'...'.
.** *,,....#)...#..........#...##
. *,*,,,...#....#..........#...#
.##,** *#.#...{.......#####...#
#.#, ,* #...)..@.......# #####
..#,** #.....≈≈...≈...# #.#,, *
#.....≈§≈......# ##### #.#####*
##..:≈##≈###...# #....
#.....#####).≈.#≈≈≈≈≈...#####....
#####..........#§>_≈≈§≈...##.....
#..........#§.8≈§≈≈≈..##....†
#.....#.§.§#≈≈≈≈≈≈≈...##.....
#####.....#..≈≈≈#.+.#≈.o..###....


There were no monsters in sight!

Vanquished Creatures
  An orc warrior (D:6)
  An ogre (D:6)
  A giant frog (D:6)
  4 orc priests
  A crimson imp (D:5)
  4 hounds
  2 iguanas
  4 orc wizards
  4 worker ants
  8 adders
  A shadow imp (D:6)
  An ooze (D:2)
  An adder skeleton (D:5)
  2 worms
  6 giant geckos
  19 orcs
  9 bats
  2 giant cockroaches
  11 hobgoblins
  2 jackals (D:3)
  9 kobolds
  4 quokkas
  2 ball pythons
  A giant gecko skeleton (D:6)
  7 giant newts
  7 goblins
  A quokka skeleton (D:4)
  5 rats
120 creatures vanquished.

Vanquished Creatures (collateral kills)
  An ogre (D:3)
  An orc priest (D:5)
  An adder (D:3)
  An orc (D:5)
4 creatures vanquished.

Grand Total: 124 creatures vanquished

Notes
Turn   | Place    | Note
--------------------------------------------------------------
     0 | D:1      | Kellhus the Mummy Chaos Knight began the quest for the Orb.
     0 | D:1      | Reached XP level 1. HP: 18/18 MP: 1/1
   203 | D:1      | Reached XP level 2. HP: 10/24 MP: 2/2
   236 | D:1      | XOM: divination: detect creatures
  1017 | D:2      | Found a sparkling altar of Nemelex Xobeh.
  1025 | D:2      | Found a blossoming altar of Fedhas.
  1034 | D:2      | Reached XP level 3. HP: 29/29 MP: 3/3
  1297 | D:2      | XOM: scenery: 1 doors close
  1311 | D:2      | XOM: silly message
  1351 | D:2      | XOM: colour smoke trail
  1433 | D:2      | Reached skill level 4 in Long Blades
  1556 | D:3      | XOM: mild Tloc miscast
  1557 | D:3      | Noticed a spatial vortex
  1559 | D:3      | Reached XP level 4. HP: 25/35 MP: 4/4
  1601 | D:3      | Noticed an ogre
  1616 | D:3      | Killed an ogre
  1740 | D:3      | XOM: mild Chrm miscast
  2017 | D:3      | Reached XP level 5. HP: 32/41 MP: 5/5
  2395 | D:4      | Found a snail-covered altar of Cheibriados.
  2415 | D:4      | XOM: noise
  2416 | D:4      | XOM: smoke on damage
  2426 | D:4      | Reached skill level 5 in Long Blades
  2426 | D:4      | XOM: divination: detect items
  2547 | D:3      | XOM: divination: detect creatures
  2599 | D:3      | XOM: silly message
  2714 | D:4      | XOM: 2-stop teleportation journey
  2735 | D:4      | XOM: noise
  2916 | D:3      | XOM: medium Chrm miscast
  3008 | D:4      | Reached XP level 6. HP: 34/47 MP: 6/6
  3243 | D:4      | Found a glowing golden altar of the Shining One.
  3285 | D:4      | Reached skill level 6 in Long Blades
  3310 | D:4      | XOM: enchant monster (bad)
  3497 | D:4      | XOM: colour smoke trail
  3524 | D:4      | Found an ancient bone altar of Kikubaaqudgha.
  3524 | D:4      | Found an iron altar of Okawaru.
  3698 | D:5      | Entered Level 5 of the Dungeon
  4060 | D:5      | XOM: confuse monster(s)
  4079 | D:5      | Found Enaz Fau's General Store.
  4092 | D:5      | XOM: summons friendly shadow imp
  4097 | D:5      | Reached XP level 7. HP: 39/52 MP: 7/7
  4248 | D:5      | XOM: medium Conj miscast
  4378 | D:5      | Reached skill level 7 in Long Blades
  4588 | D:6      | XOM: medium Necr miscast
  4615 | D:6      | Found a stormy altar of Qazlal.
  4856 | D:6      | XOM: divination: magic mapping
  4866 | D:6      | XOM: god gift: glowing leatherbound book {god gift}
  4868 | D:6      | Reached skill level 8 in Long Blades
  4890 | D:6      | XOM: 6-stop teleportation journey
  5089 | D:6      | Reached XP level 8. HP: 50/58 MP: 8/8
  5128 | D:6      | Got a bloodstained ring mail
  5140 | D:6      | Identified the +1 ring mail "Roekhoxu" {rN+++ MP-9 Str+4 Stlth-} (You found it on level 6 of the Dungeon)
  5251 | D:6      | XOM: harmless Conj miscast
  5257 | D:6      | XOM: potion effect (curing)
  5268 | D:6      | HP: 1/58 [something (4)]
  5272 | D:6      | Slain by an orc warrior

Vault maps used:
D:1:      minmay_arrival_cross
D:2:      lemuel_upstairs_altar, nemelex_deck, fedhas_altar_1
D:3:      first_bread
D:4:      lemuel_doored_altar, cheibriados_altar_1,
          gammafunk_temple_overflow_elements
D:5:      serial_shops, shop, water_boxes_lemuel
D:6:      nicolae_qazlal_general_emergency, uniq_blork_the_orc, uniq_sigmund

Action                   |  1- 3 |  4- 6 |  7- 9 || total
-------------------------+-------+-------+-------++-------
Melee: Falchion          |   136 |   303 |   134 ||   573
 Fire: Blowgun           |       |       |     6 ||     6
Throw: Throwing net      |       |     1 |       ||     1
  Use: Scroll            |       |     5 |     2 ||     7
 Stab: Petrifying        |       |     1 |     1 ||     2
       Paralysed         |       |     1 |     1 ||     2
       Confused          |       |     1 |       ||     1
